 Dungeon Crawl Stone Soup version 0.26-a0-154-g3d63440f56 (webtiles) character file.

Game seed: 12357621441964306246

7 Flugslaktarn the Chiller (level 2, 0/13 HPs)
             Began as a Vine Stalker Ice Elementalist on June 30, 2020.
             Succumbed to an adder's poison
             ... on level 2 of the Dungeon.
             The game lasted 00:00:50 (177 turns).

Flugslaktarn the Chiller (VSIE)                      Turns: 177, Time: 00:00:51

Health: 0/13       AC:  2    Str: 10    XL:     2   Next: 4%
Magic:  6/6        EV: 12    Int: 15    God:
Gold:   0          SH:  0    Dex: 14    Spells: 5/6 levels left

rFire    . . .     SeeInvis .   g - +2 whip (vamp)
rCold    . . .     Faith    .   (no shield)
rNeg     . . .     Spirit   +   a - +0 robe
rPois    .         Reflect  .   (no helmet)
rElec    .         Harm     .   (no cloak)
rCorr    .                      (no gloves)
MR       .....                  (no boots)
Stlth    ++........             (no amulet)
HPRegen  0.04/turn              (no ring)
MPRegen  0.10/turn              (no ring)

@: lethally poisoned (0 -> -6), very slightly contaminated
A: fangs 2, magic shield, antimagic bite, no potion heal 3, rot immunity
a: no special abilities


You were on level 2 of the Dungeon.
You were not hungry.

You visited 1 branch of the dungeon, and saw 2 of its levels.

Inventory:

Hand Weapons
 e - a +0 whip
   (You found it on level 1 of the Dungeon)
 g - a +2 vampiric whip (weapon)
   (You took it off a kobold on level 1 of the Dungeon)
Armour
 a - a +0 robe (worn)
Scrolls
 b - a scroll of amnesia {unknown}
 d - 3 scrolls of immolation {unknown}
 f - a scroll of enchant weapon {unknown}
 h - a scroll of remove curse {unknown}
 i - a scroll of identify {unknown}
 k - a scroll of magic mapping {unknown}
Potions
 j - a potion of mutation {unknown}
Comestibles
 c - a ration


   Skills:
 - Level 1.5 Dodging
 - Level 2.4 Stealth
 + Level 2.5 Spellcasting
 + Level 4.2 Ice Magic


You had 5 spell levels left.
You knew the following spells:

 Your Spells              Type           Power        Failure   Level  Hunger
a - Freeze                Ice            ##..         3%          1    #......

Your spell library contained the following spells:

 Spells                   Type           Power        Failure   Level  Hunger
 Frozen Ramparts          Ice            ##....       11%         3    ###....
 Ozocubu's Armour         Chrm/Ice       #.......     26%         3    ###....
 Hailstorm                Conj/Ice       #.......     65%         4    #####..
 Summon Ice Beast         Ice/Summ       #.......     65%         4    #####..


Dungeon Overview and Level Annotations

Branches:
Dungeon (2/15)

Altars:


Innate Abilities, Weirdness & Mutations

You have extremely sharp teeth.
When hurt, damage is shared between your health and your magic reserves.
Your bite disrupts and absorbs the magic of your enemies.
Potions cannot restore your health.
You are immune to rotting.


Message History

k - a scroll labeled RUNLOO EPEU
There is a stone staircase leading down here.
You climb downwards.
There is a stone staircase leading up here.
Unknown command.
A worm comes into view.
You hit the worm but do no damage. You hit the worm.
You feel better.
The worm is moderately wounded.
The worm bites you!
* * * LOW HITPOINT WARNING * * *
There is a stone staircase leading up here.
Found a ring mail.
You open the door.
Found a scroll labeled WODOYW FACS.
A frilled lizard and an adder come into view.
The adder hisses angrily.
There is an open door here.
Casting: Freeze (safe; 3% risk of failure)
Confirm with . or Enter, or press ? or * to list all spells.
Aiming: Freeze (safe; 3% risk of failure)
Press: ? - help, Shift-Dir - straight line, f - adder
Aim: an adder You freeze the adder.
The adder is lightly wounded.
The adder seems to slow down.
The adder bites you.
* * * LOW HITPOINT WARNING * * *
Casting: Freeze (safe; 3% risk of failure)
Confirm with . or Enter, or press ? or * to list all spells.
Aiming: Freeze (safe; 3% risk of failure)
Press: ? - help, Shift-Dir - straight line, f/p - adder
Aim: an adder (lightly wounded, slow)
You miscast Freeze.
You are very lightly contaminated with residual magic.
Nothing appears to happen.
The adder barely misses you.
Unknown command.
You closely miss the adder.
The adder is lightly wounded.
The adder is no longer moving slowly.
The adder bites you.
* * * LOW HITPOINT WARNING * * *
You are lethally poisoned!
The adder poisons you!
You barely miss the adder. You bite the adder. You drain its power.
You feel invigorated.
The adder is heavily wounded.
* * * LOW HITPOINT WARNING * * *
You feel sick. The adder bites you but does no damage.
You closely miss the adder.
The adder is heavily wounded.
You die...

.#.# ...# ##..# #...#
#..## #..##
##############
#...######.#≈≈≈≈≈≈≈≈≈≈≈
##.#..##....#≈..........
#..##.....###≈..@.......
..###...#..##≈.S#≈≈≈≈≈#.
<####..###.##≈.w≈≈###≈≈.
.# #...# #.##≈..≈## .
.###.#.# #..'...≈#
.##..#.# ##.#≈..≈#
....##.# #.#≈..≈≈#
...###.# #.#≈..#≈≈≈≈
...# #.# ###≈....?..


You could see a worm and an adder.

Vanquished Creatures
  A dart slug (D:1)
  A goblin (D:1)
  A hobgoblin (D:1)
  2 kobolds (D:1)
  A rat (D:1)
6 creatures vanquished.

Notes
Turn   | Place    | Note
-------+----------+-------------------------------------------
     0 | D:1      | Flugslaktarn the Vine Stalker Ice Elementalist began the
                  | quest for the Orb.
     0 | D:1      | Reached XP level 1. HP: 9/9 MP: 4/4
     4 | D:1      | Noticed a draconian
     6 | D:1      | Noticed a vine stalker
     6 | D:1      | Noticed an ogre
     8 | D:1      | Noticed a vampire
     8 | D:1      | Noticed a tengu
    10 | D:1      | Noticed a dwarf
    10 | D:1      | Noticed a troll
    12 | D:1      | Noticed an octopode
    12 | D:1      | Noticed a demigod
    14 | D:1      | Noticed a felid
    14 | D:1      | Noticed a human
    16 | D:1      | Noticed a formicid
    16 | D:1      | Noticed a ghoul
    18 | D:1      | Noticed a spriggan
    18 | D:1      | Noticed a gargoyle
    20 | D:1      | Noticed a centaur
    20 | D:1      | Noticed a naga
    22 | D:1      | Noticed a minotaur
    24 | D:1      | Noticed an elf
    24 | D:1      | Noticed a merfolk
    26 | D:1      | Noticed a halfling
    26 | D:1      | Noticed a demonspawn
    83 | D:1      | Reached XP level 2. HP: 5/13 MP: 0/6
   177 | D:2      | Succumbed to an adder's poison

Illustrated notes

Levels and vault maps discovered:
D:1:      kb_arrival_jail, layout_rooms
D:2:      layout_rooms, first_ration, minmay_misc_feat_doors, kennysheep_path_1,
          minmay_tromino_v2, uniq_jessica

Action                   || total
-------------------------++-------
Melee: Whip              ||    15
       Bite              ||     3
 Cast: Freeze            ||     5
Armor: Robe              ||     1
Dodge: Dodged            ||     6

Table legend:
 A = Non-vault XP
 B = Vault XP
 C = Vault XP percentage of total XP
 D = Non-vault monster count
 E = Vault monster count
 F = Vault count percentage of total count
                 A         B        C        D         E       F
            +---------+---------+-------+---------+---------+-------
      Total |      11 |       0 |   0.0 |       6 |       0 |   0.0
            +---------+---------+-------+---------+---------+-------
        D:1 |      11 |       0 |   0.0 |       6 |       0 |   0.0
            +---------+---------+-------+---------+---------+-------
